 Dungeon Crawl Stone Soup version 0.27-b1-42-g19c61b19a5 (webtiles) character file.

Game seed: 2431651613880854913

232 shadowrider38 the Chopper (level 5, -3/46 HPs)
             Began as a Minotaur Berserker on July 29, 2021.
             Was a Priest of Trog.
             Slain by a killer bee (8 damage)
             ... on level 4 of the Dungeon.
             The game lasted 00:12:22 (3447 turns).

shadowrider38 the Chopper (Minotaur Berserker)      Turns: 3447, Time: 00:12:22

Health: -3/46      AC:  6    Str: 22    XL:     5   Next: 73%
Magic:  4/4        EV: 11    Int:  4    God:    Trog [***...]
Gold:   66         SH:  0    Dex: 10    Spells: 4/4 levels left

rFire    . . .     SeeInvis .   a - +0 hand axe
rCold    . . .     Faith    .   (no shield)
rNeg     . . .     Spirit   .   i - +0 ring mail
rPois    .         Reflect  .   (helmet restricted)
rElec    .         Harm     .   h - +0 cloak
rCorr    .         Rampage  .   (no gloves)
Will     .....                  (no boots)
Stlth    ..........             (no amulet)
HPRegen  0.15/turn              (no ring)
MPRegen  0.09/turn              (no ring)

@: lethally poisoned (-3 -> -7)
A: horns 2, retaliatory headbutt
a: Renounce Religion, Berserk, Trog's Hand


You were on level 4 of the Dungeon.
You worshipped Trog.
Trog was most pleased with you.
You visited 1 branch of the dungeon, and saw 4 of its levels.

You collected 66 gold pieces.

Inventory:

Hand Weapons
 a - a +0 hand axe (weapon)
 j - a +1 dagger of electrocution
Armour
 b - a +0 animal skin
 c - a +0 robe
 h - a +0 cloak (worn)
 i - a +0 ring mail (worn)
 l - a +0 buckler
Jewellery
 p - a ring of magical power
Scrolls
 d - a scroll of noise {unknown}
 e - 4 scrolls of enchant armour {unknown}
 g - a scroll of summoning {unknown}
 k - 2 scrolls of brand weapon {unknown}
 m - a scroll of amnesia {unknown}
 n - a scroll of teleportation {unknown}
 t - a scroll of immolation {unknown}
 u - a scroll of blinking {unknown}
Potions
 f - 2 potions of magic {unknown}
 o - 2 potions of curing {unknown}
 r - a potion of mutation {unknown}
 s - a potion of ambrosia {unknown}
 v - a potion of flight {unknown}


   Skills:
 - Level 4.0 Fighting
 + Level 7.6 Axes
 - Level 2.5 Armour
 - Level 2.3 Dodging


You had 4 spell levels left.
You didn't know any spells.
Your spell library was empty.

Dungeon Overview and Level Annotations

Branches:
Dungeon (4/15)
 Temple: D:4-7

Altars:
Gozag
Kikubaaqudgha
Trog
Vehumet

Shops:
D:1 [


Innate Abilities, Weirdness & Mutations

You have a pair of horns on your head.
You reflexively headbutt those who attack you in melee.


Message History

The killer bee poisons you!
You hit the killer bee. Your headbutt misses the killer bee.
The killer bee is lightly wounded.
You barely miss the killer bee.
You feel sick. The killer bee stings you. The killer bee barely misses you.
A killer bee comes into view.
The killer bee stings you.
You are more poisoned.
The killer bee poisons you! The killer bee closely misses you.
You furiously retaliate!
You headbutt the killer bee. The killer bee stings you.
You are more poisoned.
The killer bee poisons you!
You feel very sick.
You feel very sick. The killer bee stings you.
You feel sick. The killer bee barely misses you. You furiously retaliate!
You headbutt the killer bee, but do no damage.
You don't know any spells.
You don't know any spells.
Toss (no damage): wand of paralysis (7)
Press: ? - help, Shift-Dir - straight line, f - killer bee
Aim: a killer bee (lightly wounded, 26% to hit)
You toss away a wand of paralysis (7).
The wand of paralysis (7) misses the killer bee.
The killer bee buzzes angrily.
You feel very sick.
You hear an angry buzzing noise.
The killer bee barely misses you. The killer bee stings you.
* * * LOW HITPOINT WARNING * * *
The killer bee stings you but does no damage.
You feel sick. The killer bee stings you.
* * * LOW HITPOINT WARNING * * *
Okay, then.
* * * LOW HITPOINT WARNING * * *
You feel sick. The killer bee barely misses you. You furiously retaliate!
You headbutt the killer bee!
* * * LOW HITPOINT WARNING * * *
You feel sick. The killer bee stings you!
You die...

#. #.. .# #.# . #.# #..y.
#.#.####### #..........
...###.#######
......:.yy.yy.#
....###.#####@# +#
#.##..#.# #.##....#
#.#.....######.#
#.#.#.#........#
#.#.#.#.########
.##.######.#.#.#........#
........# #.#.#.######.#
.......(# #.#........#


You could see 4 killer bees.

Vanquished Creatures
  A bullfrog skeleton (D:4)
  An iguana (D:3)
  Ijyb (D:3)
  An orc wizard (D:3)
  4 adders
  2 dart slugs
  4 orcs (D:3)
  9 ball pythons
  3 bats
  9 endoplasms
  3 goblins
  8 hobgoblins
  14 jackals
  9 kobolds
  2 quokkas
  4 frilled lizards
  3 rats
78 creatures vanquished.

Notes
Turn   | Place    | Note
-------+----------+-------------------------------------------
     0 | D:1      | shadowrider38 the Minotaur Berserker began the quest for
                  | the Orb.
     0 | D:1      | Reached XP level 1. HP: 19/19 MP: 0/0
    26 | D:1      | Reached XP level 2. HP: 11/27 MP: 1/1
   218 | D:1      | Reached skill level 4 in Axes
   574 | D:1      | Found Jilibe's Antique Armour Shoppe.
   846 | D:1      | Reached ** piety under Trog
   901 | D:1      | Reached XP level 3. HP: 25/33 MP: 2/2
  1272 | D:1      | Found a faded altar of an unknown god.
  1499 | D:2      | Reached skill level 5 in Axes
  1733 | D:2      | Reached XP level 4. HP: 38/40 MP: 3/3
  2474 | D:3      | Reached skill level 6 in Axes
  2553 | D:3      | Noticed Ijyb
  2558 | D:3      | Paralysed by Ijyb for 3 turns
  2564 | D:3      | Killed Ijyb
  2636 | D:3      | Reached *** piety under Trog
  2680 | D:3      | Reached XP level 5. HP: 41/46 MP: 4/4
  2713 | D:3      | Found an ancient bone altar of Kikubaaqudgha.
  2713 | D:3      | Found a bloodstained altar of Trog.
  2713 | D:3      | Found an opulent altar of Gozag.
  2906 | D:3      | Reached skill level 7 in Axes
  3123 | D:3      | Found a radiant altar of Vehumet.
  3447 | D:4      | Slain by a killer bee

Illustrated notes

Levels and vault maps discovered:
D:1:      scummos_arrival_forest, layout_basic,
          shapermc_ecumenical_altar_mp_vishouse, serial_shops,
          nicolae_shop_waterfront, serial_glass, glass_columns_a,
          glass_columns_b, glass_columns_a, glass_columns_a, glass_columns_b,
          glass_columns_b, glass_columns_a, glass_columns_a, glass_columns_c,
          glass_columns_a, item_on_display_a, minmay_strange_pillars,
          due_unseen_surprise, minmay_misc_feat_room
D:2:      layout_loops_ring
D:3:      layout_basic, marbit_many_paths, gammafunk_temple_overflow_forgotten,
          st_stairs_4, uniq_ijyb
D:4:      layout_basic

Skill      XL: |  1  2  3  4  5 |
---------------+----------------+-----
Fighting       | 4 |  4.0
Axes           | 4 5 6 7 |  7.6
Armour         | |  2.5
Dodging        | |  2.3

Action                   |  1- 3 |  4- 6 || total
-------------------------+-------+-------++-------
Melee: Hand axe          |    96 |    65 ||   161
       Headbutt          |    14 |    12 ||    26
Armor: Animal skin       |     2 |       ||     2
       Robe              |     9 |       ||     9
       Ring mail         |    18 |    23 ||    41
Dodge: Dodged            |    48 |    41 ||    89
